 Dungeon Crawl Stone Soup version 0.32-a0-314-g526f7d4993 (webtiles) character file.

Game seed: 3422359955748760061

24193 croobank the Summoner (level 12, -13/66 HPs)
             Began as a Felid Summoner on Feb 15, 2024.
             Was a Believer of Kikubaaqudgha.
             Mangled by a skeletal warrior
             ... wielding a +0 glaive
              (20 damage)
             ... on level 14 of the Dungeon on Feb 16, 2024.
             The game lasted 01:40:01 (18557 turns).

croobank the Summoner (Felid Summoner)             Turns: 18557, Time: 01:40:01

Health: -13/66     AC:  7    Str:  8    XL:     12   Next: 78%
Magic:  17/26      EV: 24    Int: 29    God:    Kikubaaqudgha [**....]
Gold:   739        SH:  0    Dex: 18    Spells: 9/29 levels left
                                        Lives:  0   Deaths: 4

rFire   . . .        (weapon unavailable)
rCold   + . .        (shield unavailable)
rNeg    . . .        (body armour unavailable)
rPois   .            (helmet unavailable)
rElec   +            (cloak unavailable)
rCorr   .            (gloves unavailable)
SInv    +            (boots unavailable)
Will    +....        (no amulet)
Stlth   +++++        A - ring "Liodetell" {^Drain rElec Str+4 Int+6}
HPRegen 0.31/turn    m - +4 ring of protection
MPRegen 0.20/turn

%: no passive effects
@: beast-form
A: beast (slay +0), very small, claws 1, fangs 3, see invisible, shaggy fur 3,
stealthy paws, no weapons or thrown items, no armour, multi-lived
a: Begin Untransformation, Renounce Religion, Unearth Wretches


You were on level 14 of the Dungeon.
You worshipped Kikubaaqudgha.
Kikubaaqudgha was pleased with you.
You were a hulking beast.
You visited 2 branches of the dungeon, and saw 15 of its levels.

You collected 739 gold pieces.

Inventory:

Missiles
 k - 4 darts of dispersal
Jewellery
 f - a ring of ice
 h - a ring of ice
 i - a ring of willpower
 m - a +4 ring of protection (right paw)
 A - the ring "Liodetell" (left paw) {^Drain rElec Str+4 Int+6}
   (You found it on level 10 of the Dungeon)

   [ring of intelligence]

   Str+4:     It affects your strength (+4).
   Int+6:     It affects your intelligence (+6).
   rElec:     It insulates you from electricity.
   ^Drain:    It drains your maximum health when unequipped.
 D - a ring of protection from fire
Talismans
 c - a beast talisman (active)
Wands
 d - a wand of flame (22)
 t - a wand of polymorph (3)
 w - a wand of charming (5)
Scrolls
 b - 4 scrolls of poison
 l - 4 scrolls of revelation
 n - 2 scrolls of teleportation
 o - a scroll of amnesia
 s - 2 scrolls of silence
Potions
 a - a potion of magic
 e - 7 potions of brilliance
 g - 2 potions of cancellation
 j - 4 potions of curing
 p - a potion of heal wounds
 q - 5 potions of lignification
 v - a potion of berserk rage
 x - 2 potions of might
 B - 7 potions of ambrosia


   Skills:
 + Level 9.1 Fighting
 - Level 10.0 Dodging
 - Level 10.0 Stealth
 * Level 9.0 Spellcasting
 * Level 10.3 Summonings
 + Level 5.6 Necromancy
 - Level 5.0 Fire Magic
 - Level 7.0 Air Magic


You had 9 spell levels left.
You knew the following spells:

 Your Spells              Type           Power      Damage    Failure   Level
a - Summon Small Mammal   Summ           100%       N/A       1%          1
b - Call Imp              Summ           100%       N/A       1%          2
c - Call Canine Familiar  Summ           65%        N/A       1%          3
d - Summon Blazeheart Go  Fire/Summ      55%        N/A       1%          4
e - Summon Lightning Spi  Summ/Air       59%        N/A       1%          4
h - Summon Cactus Giant   Summ           32%        N/A       9%          6

Your spell library contained the following spells:

 Spells                   Type           Power      Damage    Failure   Level
 Kiss of Death            Conj/Necr      100%       2d13      1%          1
 Cigotuvi's Dreadful Rot  Necr/Alch/Air  74%        N/A       1%          2
 Mercury Vapours          Alch/Air       66%        N/A       1%          2
 Scorch                   Fire           84%        2d8       1%          2
 Static Discharge         Conj/Air       66%        3-6/arc   1%          2
 Sublimation of Blood     Necr           45%        N/A       1%          2
 Fugue of the Fallen      Necr           45%        N/A       1%          3
 Airstrike                Air            26%        2d(4-20)  2%          4
 Sandblast                Erth           26%        2d8       4%          1
 Sting                    Conj/Alch      52%        1d6       4%          1
 Volatile Blastmotes      Fire/Tloc      54%        2d14      4%          3
 Lesser Beckoning         Tloc           26%        N/A       6%          2
 Confusing Touch          Hex            13%        N/A       12%         3
 Gell's Gravitas          Tloc           13%        N/A       12%         3
 Ozocubu's Armour         Ice            13%        N/A       12%         3
 Passwall                 Erth           13%        N/A       12%         3
 Sigil of Binding         Hex            13%        N/A       12%         3
 Stone Arrow              Conj/Erth      26%        3d8       12%         3
 Teleport Other           Tloc           13%        N/A       12%         3
 Flame Wave               Conj/Fire      27%        2d9       14%         4
 Silence                  Hex/Air        16%        N/A       26%         5
 Brom's Barrelling Bould  Conj/Erth      13%        2d4       38%         4
 Cause Fear               Hex            6%         N/A       38%         4
 Fulminant Prism          Conj/Alch      6%         3d7       38%         4
 Iskenderun's Mystic Bla  Conj/Tloc      13%        2d5       38%         4
 Manifold Assault         Tloc           13%        N/A       38%         4
 Olgreb's Toxic Radiance  Alch           13%        N/A       38%         4
 Fireball                 Conj/Fire      13%        3d7       38%         5
 Bombard                  Conj/Erth      6%         9d2       99%         6
 Dragon's Call            Summ           32%        N/A       100%        9
 Dimensional Bullseye     Hex/Tloc       Unusable   N/A       N/A         4

Dungeon Overview and Level Annotations

Branches:
Dungeon (14/15)            Temple (1/1) D:5            Lair (0/5) D:10
    Orc (0/2) D:11
 Vaults: D:13-14

Altars:
Ashenzari
Cheibriados
Dithmenos
Elyvilon
Fedhas
Gozag
Hepliaklqana
Kikubaaqudgha
Makhleb
Nemelex Xobeh
Okawaru
Qazlal
Ru
Sif Muna
Trog
Uskayaw
Vehumet
Wu Jian
Xom
Yredelemnul
Zin
The Shining One
Beogh

Shops:
D:1 :   D:5 *   D:9 *   D:10 (

Portals:
Trove: D:11 (give 15 scrolls of teleportation)


Innate Abilities, Weirdness & Mutations

You are a hulking beast.
Your limbs bulge with bestial killing power. (Slay +0)
You have sharp claws.
You have razor-sharp teeth.
You have supernaturally acute eyesight. (SInv)
Your thick and shaggy fur keeps you warm. (AC +3, rC+)
Your paws help you pounce on unaware monsters.
You are incapable of wielding weapons or throwing items.
You cannot wear armour.
You gain extra lives every three experience levels.


Message History

Orders for allies: a - Attack new target. p - Attack previous target. r - Retreat! s - Stop attacking. g - Guard the area. f - Follow me.
Anything else - Cancel.
Gang up on whom?
Press: ? - help, Dir - move target, f/p - vault guard
Aim: a vault guard, wielding a +0 bardiche and wearing a +0 chain mail (heavily wounded, ally target) Attack!
The death knight hits your lightning spire with a +0 battleaxe!
Your lightning spire is destroyed!
Your lightning spire disappears in a puff of smoke!
The death knight hits your cactus giant with a +0 battleaxe!!
Your cactus giant is destroyed!
Your cactus giant disappears in a puff of smoke!
The vault guard hits you from afar with a +0 bardiche!!
A human comes into view.
Okay, then.
Okay, then.
Okay, then.
Okay, then.
Okay, then.
Okay, then.
Okay, then.
Aiming: Charm
Press: ? - help, Shift-Dir - straight line, f/p - vault guard
Aim: a vault guard, wielding a +0 bardiche and wearing a +0 chain mail (purple smoke, heavily wounded, chance to affect: 17%)
Okay, then.
Okay, then.
Magic courses through your body.
The death knight mumbles some strange prayers to Yredelemnul against you.
Your body is wracked with pain!
* * * LOW HITPOINT WARNING * * *
The vault guard completely misses you.
Casting: Summon Lightning Spire (dangerous; 1% risk of failure)
Confirm with . or Enter, or press ? or * to list all spells.
The vault guard hits you from afar with a +0 bardiche!
* * * LOW HITPOINT WARNING * * *
The skeletal warrior hits you from afar with a +0 glaive!!
You die...
Kikubaaqudgha rasps: You have failed me!
Welcome... death!

...# ### ...## ##.# ....# #
##.<# ########.....#####. #...#
#....[.......9.....
####...#####.............†z<..
#..............z...............
#..............###.............
#...########.Ch# ......$......
#... #.§p# ............. #..
#.p.# ............. #. #..<#
...###..##### #.).# ...# #..
#...# z..# #.. #.)p# #.....
#'''###


You could see a death knight, a vault guard (ally target), a skeletal warrior, a
human and a friendly cactus giant (summoned).

Vanquished Creatures
  A vault guard (D:14)
  An ogre mage (D:14)
  A boulder beetle (D:13)
  2 centaur warriors (D:13)
  2 two-headed ogres
  A tengu warrior (D:13)
  A skeletal warrior (D:14)
  Pikel (D:4)
  3 cyclopes
  A manticore (D:11)
  2 meliai (D:13)
  A molten gargoyle (D:12)
  An unseen horror (D:11)
  A komodo dragon (D:10)
  A tengu conjurer (D:13)
  A queen bee (D:13)
  4 trolls
  A wyvern (D:9)
  A wraith (D:11)
  7 yaks
  3 vampire mosquitoes (D:13)
  A water moccasin (D:8)
  An acid dragon (D:10)
  A black bear (D:8)
  An ice beast (D:6)
  3 orc warriors
  The ghost of Highcell the Covered, an amateur MDFi (D:3)
  An ogre (D:6)
  10 centaurs
  A lemure (D:4)
  A phantom (D:4)
  A scorpion (D:5)
  A bullfrog (D:9)
  8 killer bees
  A hound (D:6)
  An iguana (D:6)
  An orc wizard (D:7)
  An adder (D:2)
  A dart slug (D:4)
  6 orcs
  4 bats
  An endoplasm (D:4)
  A giant cockroach (D:1)
  A goblin (D:2)
  A rat (D:2)
87 creatures vanquished.

Vanquished Creatures (collateral kills)
  A hydra (D:14)
  2 boulder beetles
  An ugly thing (D:12)
  A manticore (D:11)
  A meliai (D:13)
  A gargoyle (D:11)
  A kobold demonologist (D:11)
  Grinder (D:5)
  Prince Ribbit (D:7)
  A shadow (D:11)
  A vampire (D:10)
  3 wyverns
  6 yaks
  2 vampire mosquitoes (D:13)
  2 steam dragons
  4 acid dragons
  2 water moccasins
  4 orc warriors
  2 laughing skulls (D:13)
  4 centaurs
  A phantom (D:7)
  2 lemures
  2 nameless horrors
  A kobold brigand (D:9)
  2 scorpions
  2 bullfrogs
  18 killer bees
  5 howler monkeys
  6 lava snakes
  3 bombardier beetles
  A gnoll bouda (D:6)
  3 jellies
  7 orc priests
  A hound (D:4)
  Jessica (D:2)
  Terence (D:2)
  4 iguanas
  12 orc wizards
  4 gnolls (D:6)
  9 adders
  2 white imps
  A dart slug (D:1)
  5 ribbon worms
  32 orcs
  5 endoplasms
  2 giant cockroaches
  6 goblins
  5 hobgoblins
  5 kobolds
  6 quokkas
  7 ball pythons
  5 bats
  A frilled lizard (D:2)
  2 rats (D:1)
210 creatures vanquished.

Vanquished Creatures (others)
  2 centaurs (D:13)
  2 killer bees (D:13)
  67 blazeheart cores
71 creatures vanquished.

Grand Total: 368 creatures vanquished

Notes
Turn   | Place    | Note
-------+----------+-------------------------------------------
     0 | D:1      | croobank the Felid Summoner began the quest for the Orb.
     0 | D:1      | Reached XP level 1. HP: 9/9 MP: 4/4
   278 | D:1      | Reached XP level 2. HP: 13/13 MP: 3/6
   649 | D:1      | Found Riorihut's Book Shoppe.
   654 | D:1      | Reached XP level 3. HP: 6/16 MP: 5/7
   700 | D:1      | Learned a level 2 spell: Call Imp
   704 | D:1      | Learned a level 3 spell: Call Canine Familiar
   821 | D:2      | Noticed Jessica
   830 | D:2      | Killed Jessica
   873 | D:2      | Reached XP level 4. HP: 21/21 MP: 3/8
   873 | D:2      | Gained a life (2 lives remaining)
  1024 | D:2      | Reached skill level 1 in Fighting
  1185 | D:2      | Noticed Terence
  1197 | D:2      | Killed Terence
  1320 | D:2      | Reached XP level 5. HP: 25/25 MP: 6/10
  1986 | D:3      | Found a runed translucent gate.
  1987 | D:3      | Found a runed translucent gate.
  1987 | D:3      | Identified the +9 dagger of Wuep Miu {vamp, rCorr Str+3}
  1987 | D:3      | Identified the +5 scale mail "Ucocav" {Harm *Corrode rC+++
                  | Int-4}
  1988 | D:3      | Found a runed translucent gate.
  1990 | D:3      | Found a roughly hewn altar of Beogh.
  1992 | D:3      | Noticed Highcell's ghost (amateur MDFi)
  2932 | D:4      | Noticed a lemure
  2933 | D:4      | Noticed a lemure
  2933 | D:4      | Noticed Pikel
  2952 | D:3      | Killed a lemure
  3068 | D:4      | Gained mutation: You are covered in thick fur. (AC +2)
                  | [Felid growth]
  3068 | D:4      | Reached XP level 6. HP: 30/30 MP: 4/11
  3471 | D:4      | Reached skill level 5 in Stealth
  3471 | D:4      | Reached skill level 1 in Fire Magic
  3478 | D:4      | Reached skill level 5 in Summonings
  3739 | D:4      | Noticed an orc warrior
  3813 | D:3      | Slain by an orc warrior
  3813 | D:3      | Lost a life (1 life remaining)
  3845 | D:3      | Learned a level 4 spell: Summon Blazeheart Golem
  3858 | D:3      | Killed Highcell's ghost
  3859 | D:3      | Reached XP level 7. HP: 35/35 MP: 10/13
  3859 | D:3      | Gained a life (2 lives remaining)
  4145 | D:3      | Reached skill level 5 in Dodging
  4326 | D:4      | Killed Pikel
  4327 | D:4      | Reached XP level 8. HP: 40/40 MP: 5/15
  4792 | D:5      | Entered Level 5 of the Dungeon
  4792 | D:5      | Found a staircase to the Ecumenical Temple.
  4803 | D:5      | Found Udwo's Serpentskin Sales.
  5562 | D:5      | Found a glowing silver altar of Zin.
  6623 | D:5      | Noticed Grinder
  6632 | D:5      | Killed Grinder
  6971 | D:6      | Learned a level 4 spell: Summon Lightning Spire
  7015 | D:6      | Reached XP level 9. HP: 38/46 MP: 4/17
  7163 | D:6      | Reached skill level 1 in Air Magic
  7225 | D:6      | Reached skill level 5 in Spellcasting
  7867 | D:7      | Noticed Prince Ribbit
  7878 | D:7      | Killed Prince Ribbit
  7928 | D:7      | Reached skill level 5 in Fighting
  8470 | D:7      | Reached XP level 10. HP: 51/51 MP: 15/19
  9193 | D:8      | Got Duczof's Encyclopedia of Geological Doom
  9308 | D:8      | Noticed a two-headed ogre
  9317 | D:8      | Killed a two-headed ogre
 10155 | D:9      | Found an opulent altar of Gozag.
 10424 | Temple   | Entered the Ecumenical Temple
 10610 | D:9      | Reached skill level 5 in Air Magic
 10612 | D:9      | Reached skill level 5 in Fire Magic
 11183 | D:9      | Found Juheog's Lightly-Used Armoury.
 11527 | D:10     | Entered Level 10 of the Dungeon
 11549 | D:10     | Found Gulonled's Weapon Shop.
 11568 | D:10     | Found an ornate altar of the Wu Jian Council.
 11654 | D:10     | Found a hide-covered altar of Uskayaw.
 11710 | D:10     | You fall into a shaft and drop 3 floors!
 11922 | D:13     | Noticed a tengu warrior
 11928 | D:13     | Slain by a tengu warrior
 11928 | D:13     | Lost a life (1 life remaining)
 11948 | D:13     | Found a broken altar of Ashenzari.
 12078 | D:13     | Noticed a two-headed ogre
 12078 | D:13     | Noticed a boulder beetle
 12498 | D:11     | Found a portal to a secret trove of treasure.
 12525 | D:11     | Noticed a manticore
 12535 | D:11     | Killed a manticore
 12536 | D:11     | Reached XP level 11. HP: 45/58 MP: 13/21
 12536 | D:11     | Gained a life (2 lives remaining)
 12734 | D:11     | Reached skill level 10 in Stealth
 13148 | D:10     | Found a shadowy altar of Dithmenos.
 13177 | D:10     | Identified the ring "Liodetell" {^Drain rElec Str+4 Int+6}
 13194 | D:10     | Found a radiant altar of Vehumet.
 13225 | D:10     | Found a staircase to the Lair.
 13423 | D:10     | Killed from afar by a steam dragon
 13423 | D:10     | Lost a life (1 life remaining)
 14257 | D:10     | Found an iron altar of Okawaru.
 14261 | D:10     | Found an ancient bone altar of Kikubaaqudgha.
 14354 | D:10     | Became a worshipper of Kikubaaqudgha
 14379 | D:11     | Found a staircase to the Orcish Mines.
 14550 | D:11     | Reached skill level 1 in Necromancy
 15144 | D:11     | Reached skill level 10 in Dodging
 16037 | D:13     | Killed a two-headed ogre
 16194 | D:13     | Killed a tengu warrior
 16301 | D:13     | Killed a boulder beetle
 16418 | D:13     | Noticed a centaur warrior
 16429 | D:13     | Killed a centaur warrior
 16430 | D:13     | Gained mutation: Your thick and shaggy fur keeps you warm.
                  | (AC +3, rC+) [Felid growth]
 16430 | D:13     | Reached XP level 12. HP: 13/64 MP: 19/24
 16435 | D:13     | HP: 3/64 [centaur/arrow[a centaur warrior] (12)]
 16439 | D:13     | Noticed a centaur warrior
 16441 | D:13     | Reached * piety under Kikubaaqudgha
 16441 | D:13     | Received a gift from Kikubaaqudgha
 16453 | D:13     | Shot with an arrow by a centaur warrior
 16453 | D:13     | Lost a life (0 lives remaining)
 16453 | D:13     | Killed a centaur warrior
 16595 | D:13     | Reached ** piety under Kikubaaqudgha
 17029 | D:12     | Learned a level 6 spell: Summon Cactus Giant
 17221 | D:12     | Noticed a boulder beetle
 17228 | D:12     | Killed a boulder beetle
 17810 | D:13     | Reached skill level 5 in Necromancy
 18199 | D:14     | Noticed a centaur warrior
 18220 | D:14     | Noticed a seven-headed hydra
 18226 | D:14     | Killed a seven-headed hydra
 18532 | D:14     | Reached skill level 10 in Summonings
 18536 | D:14     | Noticed an ogre mage
 18536 | D:14     | Noticed a boulder beetle
 18538 | D:14     | Noticed a death knight
 18540 | D:14     | Noticed a vault guard
 18541 | D:14     | Killed an ogre mage
 18543 | D:14     | Noticed a vault guard
 18549 | D:14     | Killed a boulder beetle
 18550 | D:14     | Killed a vault guard
 18557 | D:14     | Mangled by a skeletal warrior

Illustrated notes

Levels and vault maps discovered:
D:1:      amcnicky_arrival_single_pillar, layout_loops_ring, serial_shops,
          nicolae_shop_statue_plus, serial_bayou_pond_b,
          minmay_misc_feat_pillars, chequers_serial_rivers_marsh
D:2:      layout_rooms, solitary_fountain, kennysheep_generic_room_14,
          uniq_jessica, uniq_terence
D:3:      layout_basic, biasface_ghost_orc_armoury, kennysheep_generic_room_12
D:4:      layout_loops_ring, uniq_pikel
D:5:      layout_basic, zin_academy, temple_statues, guppyfry_shop_venom,
          uniq_grinder
D:6:      layout_basic
D:7:      layout_basic, uniq_prince_ribbit1
D:8:      layout_loops_ring
D:9:      layout_basic, grunt_gozag_breadcrumbs, minmay_shop_damaged,
          kennysheep_generic_room_9
D:10:     layout_loops_ring, grunt_dithmenos_smoke_and_mirrors,
          eat_drink_and_be_merry_uskayaw, nicolae_wu_jian_wuxing_cycle,
          general_overflow_altar, mainiacjoe_overflow_big_doors,
          david_lair_shrubbed, serial_shops, shop, dreamdust_deal_with_the_devil
D:11:     layout_grid_maze, david_orc_2, nicolae_trove_entry_crystal
D:12:     erik_rubicon_a, layout_loops_ring
D:13:     layout_roguey [special_room_bee], cheibrodos_ashenzari_chains
D:14:     layout_small_grid, hellmonk_vaults_keyhole, nicolae_triple_integral,
          serial_glass, glass_columns_a, glass_columns_a, uniq_kirke
Temple:   nicolae_temple_superstar

Skill      XL: |  1  2  3  4  5  6  7  8  9 10 11 12 |
---------------+-------------------------------------+-----
Stealth        | 3 4 5 6 7 8 9 10 | 10.0
Dodging        | 3 4 5 6 8 9 10 | 10.0
Fighting       | 1 2 3 4 5 6 8 9 |  9.1
Spellcasting   | 3 4 5 6 7 9 |  9.0
Fire Magic     | 1 2 3 4 5 |  5.0
Summonings     | 5 6 7 9 10 | 10.3
Air Magic      | 3 5 7 |  7.0
Necromancy     | 3 5 |  5.6

Action                     |  1- 3 |  4- 6 |  7- 9 | 10-12 || total
---------------------------+-------+-------+-------+-------++-------
  Melee: Unarmed           |    13 |    22 |    44 |    81 ||   160
         Bite              |       |     1 |     6 |    17 ||    24
   Cast: Summon Small Mamm |    21 |    39 |    23 |     8 ||    91
         Call Imp          |     1 |    26 |    19 |     8 ||    54
         Call Canine Famil |     1 |    19 |    15 |    17 ||    52
         Summon Blazeheart |       |     1 |    23 |    79 ||   103
         Summon Lightning  |       |       |     6 |    31 ||    37
         Summon Cactus Gia |       |       |       |     4 ||     4
  Evoke: Wand              |       |       |       |    17 ||    17
    Use: Scroll            |       |     4 |     5 |    12 ||    21
         Potion            |       |     2 |     2 |     6 ||    10
   Stab: Sleeping          |     2 |     3 |     2 |     6 ||    13
         Distracted        |       |       |       |     2 ||     2
 Armour: Skin              |    10 |    23 |    50 |   134 ||   217
  Dodge: Dodged            |    41 |    53 |    84 |   265 ||   443
   Form: Beast             |     1 |       |       |       ||     1

Table legend: (Time is in decaauts)
 A = Elapsed time spent in this place.
 B = Non-inter-level travel time spent in this place.
 C = Inter-level travel time spent in this place.
 D = Time resting spent in this place.
 E = Time spent auto-exploring this place.
 F = Levels seen in this place.
 G = Mean time per level.
                   A        B        C        D        E       F      G
               +--------+--------+--------+--------+--------+-----+--------+
         Total |  18564 |  17735 |    829 |   4320 |   9826 |  15 | 1237.6 |
       Dungeon |  18505 |  17689 |    816 |   4320 |   9826 |  14 | 1321.8 |
        Temple |     58 |     46 |     12 |      0 |      0 |   1 |   58.0 |
               +--------+--------+--------+--------+--------+-----+--------+

Top non-repeatable levels by time:
     D:3: 2169 daAuts
    D:12: 2015 daAuts
     D:5: 1745 daAuts
    D:11: 1676 daAuts
     D:4: 1653 daAuts
    D:10: 1598 daAuts
    D:13: 1414 daAuts
     D:7: 1402 daAuts
     D:9: 1292 daAuts
     D:8: 887 daAuts
     D:6: 884 daAuts
     D:1: 825 daAuts
     D:2: 616 daAuts
    D:14: 323 daAuts
  Temple: 58 daAuts
